 Dungeon Crawl Stone Soup version 0.28.0-53-g5a82cb258f (webtiles) character file.

Game seed: 14888491763363011331

176 bnorton916 the Magician (level 5, -2/28 HPs)
             Began as a Deep Elf Fire Elementalist on June 8, 2022.
             Killed by nerve-wracking pain
             ... invoked by an orc priest
              (9 damage)
             ... on level 3 of the Dungeon.
             The game lasted 00:02:52 (2897 turns).

bnorton916 the Magician (DEFE)                      Turns: 2897, Time: 00:02:54

Health: -2/28      AC:  3    Str:  5    XL:     5   Next: 30%
Magic:  17/23      EV: 12    Int: 22    God:
Gold:   106        SH:  0    Dex: 15    Spells: 3/13 levels left

rFire   . . .      SeeInvis .   (no weapon)
rCold   . . .      Faith    .   (no shield)
rNeg    . . .      Spirit   .   a - +0 robe
rPois   .          Reflect  .   (no helmet)
rElec   .          Harm     .   (no cloak)
rCorr   .          Rampage  .   c - +0 pair of gloves
Will    .....                   (no boots)
Stlth   ++........              (no amulet)
HPRegen 0.09/turn               i - ring of magical power
MPRegen 0.18/turn               (no ring)

@: no status effects
A: no striking features
a: no special abilities


You were on level 3 of the Dungeon.
You visited 1 branch of the dungeon, and saw 3 of its levels.

You collected 106 gold pieces.

Inventory:

Hand Weapons
 k - a +2 dagger of venom
Missiles
 b - 89 stones
 f - 4 javelins
 q - 2 boomerangs
Armour
 a - a +0 robe (worn)
 c - a +0 pair of gloves (worn)
Jewellery
 i - a ring of magical power (left hand)
Scrolls
 n - a scroll of identify {unknown}
 o - a scroll of enchant weapon {unknown}
 p - a scroll of immolation {unknown}
Potions
 d - a potion of brilliance {unknown}
 e - a potion of mutation {unknown}
 g - a potion of haste {unknown}
 h - a potion of cancellation {unknown}
 j - a potion of berserk rage {unknown}
 l - a potion of lignification {unknown}
 m - 3 potions of might {unknown}


   Skills:
 - Level 2.4 Dodging
 - Level 2.4 Stealth
 + Level 4.8 Spellcasting
 + Level 3.1 Conjurations
 + Level 4.5 Fire Magic
 + Level 1.4 Poison Magic


You had 3 spell levels left.
You knew the following spells:

 Your Spells              Type           Power      Damage    Failure   Level
a - Foxfire               Conj/Fire      88%        2x1d8     2%          1
b - Scorch                Fire           50%        2d7       2%          2
c - Conjure Flame         Conj/Fire      22%        6-21      6%          3
d - Olgreb's Toxic Radia  Pois           11%        N/A       50%         4

Your spell library contained the following spells:

 Spells                   Type           Power      Damage    Failure   Level
 Sting                    Tmut/Pois      32%        1d4       8%          1
 Static Discharge         Conj/Air       12%        N/A       9%          2
 Poisonous Vapours        Pois/Air       16%        N/A       12%         2
 Inner Flame              Hex/Fire       15%        N/A       12%         3
 Flame Wave               Conj/Fire      22%        2d7       22%         4
 Sticky Flame             Conj/Fire      22%        2d4       22%         4
 Dispel Undead            Necr           5%         3d7       71%         4


Dungeon Overview and Level Annotations

Branches:
Dungeon (3/15)

Altars:
Fedhas
Qazlal


Message History

Confirm with . or Enter, or press ? or * to list all spells.
You conjure some foxfire!
An orc comes into view. It is wielding a +0 club.
The foxfire hits the orc priest.
The orc priest is lightly wounded.
The foxfire hits the orc priest.
The orc priest is moderately wounded.
The orc priest hits you with a +0 club.
Casting: Foxfire (safe; 2% risk of failure)
Confirm with . or Enter, or press ? or * to list all spells.
You conjure some foxfire!
The orc priest hits you but does no damage.
The foxfire hits the orc.
The orc is severely wounded.
The foxfire hits the orc.
You kill the orc!
The orc priest hits you with a +0 club.
Found 17 stones.
Found a stormy altar of Qazlal.
The orc barely misses you.
Casting: Foxfire (safe; 2% risk of failure)
Confirm with . or Enter, or press ? or * to list all spells.
Flames lash the orc.
You kill the orc!
Casting: Scorch (safe; 2% risk of failure)
Confirm with . or Enter, or press ? or * to list all spells.
Flames lash the orc.
The orc is almost dead.
The orc's fire resistance burns away.
The orc hits you with a +0 club.
The orc priest mumbles some strange prayers to Beogh against you.
Beogh smites you!
Ouch! That really hurt!
* * * LOW HITPOINT WARNING * * *
Casting: Scorch (safe; 2% risk of failure)
Confirm with . or Enter, or press ? or * to list all spells.
Flames lash the orc.
You kill the orc!
The orc priest mumbles some strange prayers to Beogh against you.
Pain shoots through your body!
You die...

##..#.#.###.###.≈.(≈.≈...§.
....................§§§..#
######...........##...)#
.....#..###.####.##....##
.....#..# #o# #....)...#
♣'♣..#..# #.# #........#
♣_♣..'..# #)# #........#
♣♣♣..#..# #.####.##...>##
.....#..# #..o.)@##.....#
.....#..# ##########.##†#
######..# #.##.# .......##
#.##.# #....### ####.#
#...## #.# ...## #.# #..#
#.# ...# #.#


You could see an orc priest.

Vanquished Creatures
  A scorpion (D:3)
  5 adders
  A gnoll (D:1)
  2 worms
  2 dart slugs (D:2)
  4 orcs (D:3)
  4 bats
  6 endoplasms
  A giant cockroach (D:1)
  4 goblins
  5 hobgoblins
  3 kobolds
  3 quokkas
  2 ball pythons
  A ball python skeleton (D:2)
  2 frilled lizards
  7 rats
53 creatures vanquished.

Vanquished Creatures (others)
  301 foxfires
301 creatures vanquished.

Grand Total: 354 creatures vanquished

Notes
Turn   | Place    | Note
-------+----------+-------------------------------------------
     0 | D:1      | bnorton916 the Deep Elf Fire Elementalist began the quest
                  | for the Orb.
     0 | D:1      | Reached XP level 1. HP: 10/10 MP: 6/6
   386 | D:1      | Reached XP level 2. HP: 15/15 MP: 5/8
  1329 | D:2      | Reached XP level 3. HP: 19/19 MP: 5/10
  2102 | D:2      | Reached XP level 4. HP: 24/24 MP: 12/12
  2118 | D:2      | Found a blossoming altar of Fedhas.
  2289 | D:2      | Learned a level 2 spell: Scorch
  2293 | D:2      | Learned a level 3 spell: Conjure Flame
  2298 | D:2      | Learned a level 4 spell: Olgreb's Toxic Radiance
  2482 | D:3      | Found a faded altar of an unknown god.
  2564 | D:3      | Noticed a scorpion
  2580 | D:3      | Killed a scorpion
  2581 | D:3      | Reached skill level 1 in Poison Magic
  2581 | D:3      | Reached XP level 5. HP: 28/28 MP: 14/14
  2879 | D:3      | Found a stormy altar of Qazlal.
  2897 | D:3      | Killed from afar by an orc priest

Illustrated notes

Levels and vault maps discovered:
D:1:      nzn_arrival_settlement, layout_basic, minmay_cut_off
D:2:      layout_basic, basic_altar, grunt_ministairs_13,
          kennysheep_generic_room_9
D:3:      layout_loops_ring, grunt_qazlal_sundering,
          mainiacjoe_overflow_alcove_2, hellmonk_ecumenical_altar_inner_sanctum

Skill      XL: |  1  2  3  4 |
---------------+-------------+-----
Conjurations   | 2 3 |  3.1
Spellcasting   | 4 |  4.8
Fire Magic     | 4 |  4.5
Poison Magic   | 1 |  1.4
Dodging        | |  2.4
Stealth        | |  2.4

Action                   |  1- 3 |  4- 6 || total
-------------------------+-------+-------++-------
 Cast: Foxfire           |   122 |    60 ||   182
       Scorch            |       |     6 ||     6
       Conjure Flame     |       |     1 ||     1
Armor: Robe              |     7 |     2 ||     9
Dodge: Dodged            |    22 |     1 ||    23
